PBL
LONDON MAJORS @ BROCKTON ROX
06/18/2049
 
TOP OF THE 1ST
London Majors batting - Pitching for Brockton Rox : RHP Nate Rollyson
Pitching: RHP Nate Rollyson
Batting: RHB Carlos Viera 0-0: Ball
1-0: Called Strike
1-1: Swinging Strike
1-2: Ball
2-2: Strikes out swinging
Pitching: RHP Nico Welling
Batting: RHB Mike Vaughan 0-0: SINGLE (Line Drive, 78S, EV 106.9 MPH)
Batting: RHB Manny Corral 0-0: Swinging Strike
0-1: Called Strike
0-2: Strikes out swinging
Batting: RHB King Pinsent 0-0: Ball
Mike Vaughan is caught stealing 2nd base 2-4
Top of the 1st over - 0 runs, 1 hit, 0 errors, 0 left on base; London 0 - Brockton 0
BOTTOM OF THE 1ST
Brockton Rox batting - Pitching for London Majors : RHP Tony Ortiz
Pitching: RHP Tony Ortiz
Batting: LHB Darby Starburster 0-0: Called Strike
0-1: Foul Ball, location: 2F
0-2: Strikes out swinging
Batting: RHB Jose Blocker 0-0: Called Strike
0-1: Swinging Strike
0-2: Ball
1-2: Fly out, F7 (Flyball, 78M, EV 98.1 MPH)
Batting: RHB Chris Zubia 0-0: Foul Ball, location: 2F
0-1: Called Strike
0-2: Ball
1-2: Fly out, F7 (Flyball, 7LMF, EV 107.5 MPH)
Bottom of the 1st over - 0 runs, 0 hits, 0 errors, 0 left on base; London 0 - Brockton 0
TOP OF THE 2ND
London Majors batting - Pitching for Brockton Rox : RHP Nico Welling
Batting: RHB King Pinsent 0-0: Called Strike
0-1: Fly out, F4 (Line Drive, 4, EV 68.1 MPH)
Batting: RHB Joy-shan Li 0-0: Ground out U3 (Groundball, 13, EV 88.8 MPH)
Batting: SHB Willie de Gracia 0-0: Ball
1-0: Foul Ball, location: 2F
1-1: Ball
2-1: Foul Ball, location: 2F
2-2: Ball
3-2: Base on Balls
Batting: LHB Danny Hamilton 0-0: Fly out, F8 (Flyball, 78M, EV 97.5 MPH)
Top of the 2nd over - 0 runs, 0 hits, 0 errors, 1 left on base; London 0 - Brockton 0
BOTTOM OF THE 2ND
Brockton Rox batting - Pitching for London Majors : RHP Tony Ortiz
Batting: LHB Isaiah Spitzbarth 0-0: Ball
1-0: Ball
2-0: Ball
3-0: Base on Balls
Batting: LHB Joe Martens 0-0: Called Strike
0-1: Ball
1-1: Called Strike
1-2: Ball
2-2: Ball
3-2: Base on Balls
Isaiah Spitzbarth to second
Batting: SHB Zach Clark 0-0: Called Strike
0-1: Ball
1-1: Ball
2-1: Ball
3-1: Base on Balls
Isaiah Spitzbarth to third
Joe Martens to second
Batting: LHB Eddie Noon 0-0: Ground out U3 (Groundball, 3S, EV 74.4 MPH)
Isaiah Spitzbarth scores
Joe Martens to third
Zach Clark to second
Batting: LHB Alexis Toxqui 0-0: Called Strike
0-1: Ball
1-1: Swinging Strike
1-2: Strikes out looking
Batting: RHB David Stone 0-0: Ball
1-0: Called Strike
1-1: Called Strike
1-2: SINGLE (Line Drive, 9S, EV 91.9 MPH)
Joe Martens scores
Zach Clark to third
Runner from 3rd tries for Home, SAFE, throw by RF to home
Batting: LHB Darby Starburster 0-0: Called Strike
0-1: Ball
1-1: Ball
2-1: Fielders Choice at 2nd, 5-4 (Groundball, 56, EV 81.2 MPH)
Bottom of the 2nd over - 3 runs, 1 hit, 0 errors, 1 left on base; London 0 - Brockton 3
TOP OF THE 3RD
London Majors batting - Pitching for Brockton Rox : RHP Nico Welling
Batting: SHB John Webb 0-0: Called Strike
0-1: Ball
1-1: SOLO HOME RUN (Flyball, 7D, EV 99.4 MPH), Distance : 384 ft
Batting: LHB Trevor Durbin 0-0: Ball
1-0: Foul Ball, location: 2F
1-1: Swinging Strike
1-2: Foul Ball, location: 2F
1-2: Ball
2-2: Strikes out looking
Batting: RHB Carlos Viera 0-0: Foul Ball, location: 2F
0-1: Foul Ball, location: 2F
0-2: Ball
1-2: Foul Ball, location: 2F
1-2: Fly out, F6 (Line Drive, 6, EV 72.5 MPH)
Batting: RHB Mike Vaughan 0-0: Called Strike
0-1: Ball
1-1: Ball
2-1: Foul Ball, location: 2F
2-2: Ball
3-2: Foul Ball, location: 2F
3-2: Fly out, F1 (Line Drive, P, EV 76.9 MPH)
Top of the 3rd over - 1 run, 1 hit, 0 errors, 0 left on base; London 1 - Brockton 3
BOTTOM OF THE 3RD
Brockton Rox batting - Pitching for London Majors : RHP Tony Ortiz
Batting: RHB Jose Blocker 0-0: Foul Ball, location: 2F
0-1: Ball
1-1: SINGLE (Groundball, 6MD, EV 103.1 MPH)
Batting: RHB Chris Zubia 0-0: Ball
1-0: Called Strike
1-1: Foul Ball, location: 2F
1-2: Ball
2-2: SINGLE (Line Drive, 7S, EV 97.5 MPH)
Jose Blocker to second
Batting: LHB Isaiah Spitzbarth 0-0: Ball
1-0: Foul Ball, location: 2F
1-1: Ball
2-1: Called Strike
2-2: Strikes out swinging
Batting: LHB Joe Martens 0-0: Foul Ball, location: 2F
0-1: Grounds into double play, 6-4-3 (Groundball, 6, EV 87.5 MPH)
Bottom of the 3rd over - 0 runs, 2 hits, 0 errors, 1 left on base; London 1 - Brockton 3
TOP OF THE 4TH
London Majors batting - Pitching for Brockton Rox : RHP Nico Welling
Batting: RHB Manny Corral 0-0: Called Strike
0-1: SOLO HOME RUN (Flyball, 7D, EV 104.4 MPH), Distance : 376 ft
Batting: RHB King Pinsent 0-0: Ball
1-0: Ball
2-0: Foul Ball, location: 2F
2-1: Foul Ball, location: 2F
2-2: Strikes out swinging
Batting: RHB Joy-shan Li 0-0: Called Strike
0-1: Ball
1-1: Ball
2-1: Ball
3-1: Base on Balls
Batting: SHB Willie de Gracia 0-0: Called Strike
Joy-shan Li is caught stealing 2nd base 2-6
0-1: Foul Ball, location: 2F
0-2: Ball
1-2: Ground out 4-3 (Groundball, 4, EV 91.9 MPH)
Top of the 4th over - 1 run, 1 hit, 0 errors, 0 left on base; London 2 - Brockton 3
BOTTOM OF THE 4TH
Brockton Rox batting - Pitching for London Majors : RHP Tony Ortiz
Batting: SHB Zach Clark 0-0: Called Strike
0-1: SOLO HOME RUN (Line Drive, 9D, EV 105.0 MPH), Distance : 402 ft
Batting: LHB Eddie Noon 0-0: Swinging Strike
0-1: Called Strike
0-2: Ball
1-2: Ball
2-2: Foul Ball, location: 2F
2-2: Foul Ball, location: 2F
2-2: Ground out U3 (Groundball, 34, EV 88.8 MPH)
Batting: LHB Alexis Toxqui 0-0: Ball
1-0: SINGLE (Groundball, 34D, EV 99.4 MPH)
Batting: RHB David Stone 0-0: Swinging Strike
0-1: Ball
1-1: Ball
2-1: Grounds into double play, 6-4-3 (Groundball, 6, EV 103.8 MPH)
Bottom of the 4th over - 1 run, 2 hits, 0 errors, 0 left on base; London 2 - Brockton 4
TOP OF THE 5TH
London Majors batting - Pitching for Brockton Rox : RHP Nico Welling
Batting: LHB Danny Hamilton 0-0: Swinging Strike
0-1: Called Strike
0-2: Ball
1-2: SINGLE (Flyball, 4D, EV 81.9 MPH)
Batting: SHB John Webb 0-0: Called Strike
0-1: Ball
1-1: Swinging Strike
1-2: Strikes out looking
Pitching: RHP Danny Diaz
Batting: LHB Trevor Durbin 0-0: Ball
1-0: Foul Ball, location: 2F
1-1: Ball
2-1: Called Strike
2-2: Ball
3-2: Base on Balls
Danny Hamilton to second
Pinch Hitting: RHB Mel Bohorquez 0-0: Ball
1-0: Fly out, F8 (Flyball, 89M, EV 83.8 MPH)
Batting: RHB Mike Vaughan 0-0: Ground out 4-3 (Groundball, 4, EV 83.8 MPH)
Top of the 5th over - 0 runs, 1 hit, 0 errors, 2 left on base; London 2 - Brockton 4
BOTTOM OF THE 5TH
Brockton Rox batting - Pitching for London Majors : RHP Tony Ortiz
Now at SS: Bill Hall
Batting: LHB Darby Starburster 0-0: Ball
1-0: SOLO HOME RUN (Flyball, 89XD, EV 107.5 MPH), Distance : 413 ft
Batting: RHB Jose Blocker 0-0: Called Strike
0-1: Called Strike
0-2: Strikes out swinging
Batting: RHB Chris Zubia 0-0: Called Strike
0-1: Ball
1-1: Ball
2-1: Foul Ball, location: 2F
2-2: Ball
3-2: Strikes out swinging
Batting: LHB Isaiah Spitzbarth 0-0: Called Strike
0-1: Called Strike
0-2: Single, Error in OF, E7, batter to second base (Line Drive, 5D, EV 103.1 MPH)
Pitching: LHP Gideon Wood
Batting: LHB Joe Martens 0-0: Foul Ball, location: 2F
0-1: Ball
1-1: Called Strike
1-2: Ball
2-2: Fly out, F7 (Flyball, 7D, EV 101.9 MPH)
Bottom of the 5th over - 1 run, 2 hits, 1 error, 1 left on base; London 2 - Brockton 5
TOP OF THE 6TH
London Majors batting - Pitching for Brockton Rox : RHP Danny Diaz
Batting: RHB Manny Corral 0-0: Called Strike
0-1: Ball
1-1: Ground out U3 (Groundball, 34S, EV 60.0 MPH)
Batting: RHB King Pinsent 0-0: SINGLE (Line Drive, 4D, EV 93.8 MPH)
Batting: RHB Joy-shan Li 0-0: Ball
1-0: Grounds into double play, 6-4-3 (Groundball, 6, EV 89.4 MPH)
Top of the 6th over - 0 runs, 1 hit, 0 errors, 0 left on base; London 2 - Brockton 5
BOTTOM OF THE 6TH
Brockton Rox batting - Pitching for London Majors : LHP Gideon Wood
Batting: SHB Zach Clark 0-0: Ball
1-0: TRIPLE (Flyball, 8LXD, EV 100.0 MPH)
Batting: RHB Joe Borrowman 0-0: Ball
1-0: Called Strike
1-1: Ball
2-1: Swinging Strike
2-2: Ball
3-2: Fly out, F8 (Flyball, 8RD, EV 94.4 MPH)
Runner from 3rd tags up, SCORES, no throw by CF
Batting: LHB Alexis Toxqui 0-0: Foul Ball, location: 2F
0-1: Ball
1-1: Called Strike
1-2: Ball
2-2: Ground out 3-1 (Groundball, 34, EV 100.0 MPH)
Batting: RHB David Stone 0-0: Ball
1-0: Ball
2-0: Ground out 5-3 (Groundball, 5, EV 102.5 MPH)
Bottom of the 6th over - 1 run, 1 hit, 0 errors, 0 left on base; London 2 - Brockton 6
TOP OF THE 7TH
London Majors batting - Pitching for Brockton Rox : RHP Danny Diaz
Batting: SHB Willie de Gracia 0-0: Ball
1-0: Ball
2-0: Swinging Strike
2-1: Ball
3-1: DOUBLE (Groundball, 3D, EV 93.8 MPH)
Batting: LHB Danny Hamilton 0-0: Hit by Pitch
Batting: SHB John Webb 0-0: Ball
1-0: Ball
2-0: Ball
3-0: Base on Balls
Willie de Gracia to third
Danny Hamilton to second
Batting: LHB Trevor Durbin 0-0: Ball
1-0: Swinging Strike
1-1: Ball
2-1: Foul Ball, location: 2F
2-2: Ball
3-2: Base on Balls
Willie de Gracia scores
Danny Hamilton to third
John Webb to second
Batting: LHB Bill Hall 0-0: Called Strike
0-1: Swinging Strike
0-2: Ball
1-2: GRAND SLAM HOME RUN (Flyball, 7D, EV 98.1 MPH), Distance : 396 ft
Pitching: RHP Jason Metaxas
Batting: RHB Mike Vaughan 0-0: Foul Ball, location: 2F
0-1: Swinging Strike
0-2: Ball
1-2: Ball
2-2: Strikes out swinging
Batting: RHB Manny Corral 0-0: Foul Ball, location: 2F
0-1: Foul Ball, location: 2F
0-2: Ball
1-2: Foul Ball, location: 2F
1-2: Ball
2-2: Ball
3-2: Ground out 4-3 (Groundball, 4, EV 108.1 MPH)
Batting: RHB King Pinsent 0-0: Ball
1-0: Called Strike
1-1: Fly out, F7 (Line Drive, 7S, EV 96.9 MPH)
Top of the 7th over - 5 runs, 2 hits, 0 errors, 0 left on base; London 7 - Brockton 6
BOTTOM OF THE 7TH
Brockton Rox batting - Pitching for London Majors : LHP Gideon Wood
Batting: LHB Darby Starburster 0-0: Fly out, F8 (Flyball, 8RD, EV 107.5 MPH)
Batting: RHB Jose Blocker 0-0: Ball
1-0: Ball
2-0: Ball
3-0: Called Strike
3-1: SINGLE (Groundball, 6MS, EV 97.5 MPH)
Pitching: RHP Aaron Meiggs
Batting: RHB Chris Zubia 0-0: Called Strike
0-1: Ball
1-1: Foul Ball, location: 2F
1-2: Ball
2-2: SINGLE (Groundball, 56D, EV 106.2 MPH)
Jose Blocker to second
Batting: LHB Isaiah Spitzbarth 0-0: Grounds into double play, U6-3 (Groundball, 4M, EV 102.5 MPH)
Bottom of the 7th over - 0 runs, 2 hits, 0 errors, 1 left on base; London 7 - Brockton 6
TOP OF THE 8TH
London Majors batting - Pitching for Brockton Rox : RHP Jason Metaxas
Batting: RHB Joy-shan Li 0-0: Foul Ball, location: 2F
0-1: Ball
1-1: SINGLE (Flyball, 8RS, EV 96.9 MPH)
Batting: SHB Willie de Gracia 0-0: Bunted foul
0-1: Sac Bunt to 13 - play at first, batter OUT! 1-3
Joy-shan Li to second
Batting: LHB Danny Hamilton 0-0: Intentional Walk
Batting: SHB John Webb 0-0: Ball
1-0: Reached on error, E3 (Groundball, 34, EV 86.2 MPH)
Joy-shan Li scores
Danny Hamilton to third
Batting: LHB Trevor Durbin 0-0: Ball
1-0: Fly out, F8 (Line Drive, 8LM, EV 103.8 MPH)
Runner from 3rd tags up, OUT at HOME! 8-2
Top of the 8th over - 1 run, 1 hit, 1 error, 1 left on base; London 8 - Brockton 6
BOTTOM OF THE 8TH
Brockton Rox batting - Pitching for London Majors : RHP Aaron Meiggs
Now in LF: Salvador Ramos
Batting: LHB Joe Martens 0-0: Ball
1-0: Foul Ball, location: 2F
1-1: Called Strike
1-2: Strikes out swinging
Batting: SHB Zach Clark 0-0: Ball
1-0: Called Strike
1-1: SINGLE (Groundball, 34S, EV 68.1 MPH) (infield hit)
Batting: RHB Matt Walker 0-0: Ball
1-0: Called Strike
1-1: Swinging Strike
1-2: Fielders Choice at 2nd, 6-4 (Groundball, 6S, EV 81.9 MPH)
Batting: LHB Alexis Toxqui 0-0: Called Strike
0-1: Swinging Strike
0-2: Ball
1-2: Ball
2-2: Foul Ball, location: 2F
2-2: Ball
Wild Pitch!
Matt Walker to second
3-2: Fly out, F5 (Popup, 56S, EV 84.4 MPH)
Bottom of the 8th over - 0 runs, 1 hit, 0 errors, 1 left on base; London 8 - Brockton 6
TOP OF THE 9TH
London Majors batting - Pitching for Brockton Rox : RHP Jason Metaxas
Batting: LHB Bill Hall 0-0: Called Strike
0-1: Swinging Strike
0-2: Ball
1-2: Ball
2-2: Ball
3-2: Foul Ball, location: 2F
3-2: SINGLE (Line Drive, 78S, EV 105.6 MPH)
Pitching: LHP Brad Victor
Batting: RHB Mike Vaughan 0-0: Bunt missed!
0-1: Bunted foul
0-2: Ball
1-2: Strikes out swinging
Batting: RHB Manny Corral 0-0: Called Strike
0-1: Ball
1-1: Ball
2-1: Swinging Strike
2-2: Ball
3-2: Fly out, F8 (Flyball, 78M, EV 95.0 MPH)
Batting: RHB King Pinsent 0-0: Called Strike
0-1: Fly out, F8 (Flyball, 8RD, EV 94.4 MPH)
Top of the 9th over - 0 runs, 1 hit, 0 errors, 1 left on base; London 8 - Brockton 6
BOTTOM OF THE 9TH
Brockton Rox batting - Pitching for London Majors : RHP Aaron Meiggs
Pitching: RHP Josh Nelson
Pinch Hitting: RHB Kyle Franken 0-0: Ball
1-0: Ground out 4-3 (Groundball, 4S, EV 88.8 MPH)
Pinch Hitting: LHB Jim Connel 0-0: Ball
1-0: Swinging Strike
1-1: SINGLE (Groundball, 56D, EV 106.9 MPH)
Batting: RHB Jose Blocker 0-0: Called Strike
0-1: Ball
1-1: Ball
2-1: Foul Ball, location: 2F
2-2: Ball
3-2: Strikes out swinging
Batting: RHB Chris Zubia 0-0: Ball
1-0: Foul Ball, location: 2F
1-1: Foul Ball, location: 2F
1-2: Ball
2-2: Foul Ball, location: 2F
2-2: Ball
3-2: Single, Error in OF, E7, batter to second base (Line Drive, 7S, EV 93.8 MPH)
Jim Connel to third
Batting: LHB Isaiah Spitzbarth 0-0: SINGLE (Groundball, 34D, EV 106.9 MPH)
Jim Connel scores
Chris Zubia to third
Runner from 3rd tries for Home, SAFE, throw by RF to home
Batting: LHB Joe Martens 0-0: Foul Ball, location: 2F
0-1: SINGLE (Groundball, 25, EV 71.9 MPH) (infield hit)
Isaiah Spitzbarth to second
Batting: SHB Zach Clark 0-0: Ball
1-0: Ball
2-0: Called Strike
2-1: Called Strike
2-2: Foul Ball, location: 2F
2-2: Ball
3-2: Fly out, F9 (Flyball, 89S, EV 84.4 MPH)
Bottom of the 9th over - 2 runs, 4 hits, 1 error, 2 left on base; London 8 - Brockton 8
TOP OF THE 10TH
London Majors batting - Pitching for Brockton Rox : LHP Brad Victor
Pitching: RHP Dillon Ekwall
Now at C: Rob Romero
Now at SS: Jim Connel
Batting: RHB Joy-shan Li 0-0: Ball
1-0: Foul Ball, location: 2F
1-1: Ground out 4-3 (Groundball, 4, EV 86.2 MPH)
Pinch Hitting: SHB Mike Fermin 0-0: Called Strike
0-1: Swinging Strike
0-2: Foul Ball, location: 2F
0-2: Foul Ball, location: 2F
0-2: Strikes out swinging
Batting: LHB Danny Hamilton 0-0: Called Strike
0-1: Ground out 4-3 (Groundball, 4, EV 101.2 MPH)
Top of the 10th over - 0 runs, 0 hits, 0 errors, 0 left on base; London 8 - Brockton 8
BOTTOM OF THE 10TH
Brockton Rox batting - Pitching for London Majors : RHP Josh Nelson
Pitching: LHP Kenny Russell
Now at C: Piri Glaginye
Batting: RHB Matt Walker 0-0: Called Strike
0-1: Called Strike
0-2: Ball
1-2: Strikes out swinging
Batting: LHB Alexis Toxqui 0-0: Called Strike
0-1: Swinging Strike
0-2: Ball
1-2: Foul Ball, location: 2F
1-2: Strikes out swinging
Pinch Hitting: RHB Eric Morrison 0-0: Ball
1-0: Called Strike
1-1: Foul Ball, location: 2F
1-2: Strikes out swinging
Bottom of the 10th over - 0 runs, 0 hits, 0 errors, 0 left on base; London 8 - Brockton 8
TOP OF THE 11TH
London Majors batting - Pitching for Brockton Rox : RHP Dillon Ekwall
Now at C: Mel Gonzalez
Pinch Hitting: RHB Adler Cananis 0-0: Ball
1-0: Called Strike
1-1: Called Strike
1-2: Ball
2-2: Ground out 6-3 (Groundball, 6, EV 105.0 MPH)
Batting: LHB Trevor Durbin 0-0: Ball
1-0: Swinging Strike
1-1: Foul Ball, location: 2F
1-2: Strikes out swinging
Batting: LHB Bill Hall 0-0: Ball
1-0: Ball
2-0: Reached on error, E5 (Groundball, 56S, EV 88.1 MPH)
Batting: RHB Mike Vaughan 0-0: Fielders Choice at 2nd, 5-4 (Groundball, 56, EV 87.5 MPH)
Top of the 11th over - 0 runs, 0 hits, 1 error, 1 left on base; London 8 - Brockton 8
BOTTOM OF THE 11TH
Brockton Rox batting - Pitching for London Majors : LHP Kenny Russell
Now in LF: Seth Garrigan
Batting: LHB Jim Connel 0-0: Ball
1-0: DOUBLE (Flyball, 8LXD, EV 93.1 MPH)
Batting: RHB Jose Blocker 0-0: Ball
1-0: Foul Ball, location: 2F
1-1: Ball
2-1: Foul Ball, location: 2F
2-2: Strikes out swinging
Batting: RHB Chris Zubia 0-0: Intentional Walk
Batting: LHB Isaiah Spitzbarth 0-0: Ball
1-0: Ball
2-0: Foul Ball, location: 2F
2-1: Foul Ball, location: 2F
2-2: Ball
3-2: Grounds into double play, 4-6-3 (Groundball, 4, EV 91.2 MPH)
Bottom of the 11th over - 0 runs, 1 hit, 0 errors, 1 left on base; London 8 - Brockton 8
TOP OF THE 12TH
London Majors batting - Pitching for Brockton Rox : RHP Dillon Ekwall
Pitching: RHP Johnny Lucero
Batting: RHB Manny Corral 0-0: Reached on error, E6 (Groundball, 6, EV 90.0 MPH)
Batting: RHB King Pinsent 0-0: Intentional Walk
Batting: RHB Joy-shan Li 0-0: Swinging Strike
0-1: Foul Ball, location: 2F
0-2: Ball
1-2: Strikes out swinging
Batting: LHB Piri Glaginye 0-0: Foul Ball, location: 2F
0-1: SINGLE (Groundball, 4MD, EV 103.8 MPH)
Manny Corral to third
King Pinsent to second
Batting: LHB Danny Hamilton 0-0: Ball
1-0: Foul Ball, location: 2F
1-1: Ball
2-1: SINGLE (Groundball, 34, EV 103.8 MPH)
Manny Corral scores
King Pinsent to third
Piri Glaginye to second
Throwing error, E9
King Pinsent scores
Piri Glaginye to third
Danny Hamilton to second
Batting: LHB Seth Garrigan 0-0: Fly out, F8 (Flyball, 8RD, EV 93.8 MPH)
Runner from 3rd tags up, SCORES, throw by CF
Pitching: RHP Carlos Salazar
Batting: LHB Trevor Durbin 0-0: Called Strike
0-1: Ball
1-1: Fly out, F8 (Line Drive, 8RD, EV 103.8 MPH)
Top of the 12th over - 3 runs, 2 hits, 2 errors, 1 left on base; London 11 - Brockton 8
BOTTOM OF THE 12TH
Brockton Rox batting - Pitching for London Majors : LHP Kenny Russell
Batting: LHB Joe Martens 0-0: Ball
1-0: Ball
2-0: Called Strike
2-1: Called Strike
2-2: SINGLE (Groundball, 56S, EV 76.9 MPH) (infield hit)
Batting: SHB Zach Clark 0-0: Ball
1-0: Ball
2-0: Fly out, F9 (Flyball, 9, EV 85.0 MPH)
Batting: RHB Matt Walker 0-0: Swinging Strike
0-1: Swinging Strike
0-2: Strikes out looking
Pinch Hitting: RHB Wu-sheng Zi 0-0: Foul Ball, location: 2F
0-1: Swinging Strike
0-2: Strikes out swinging
Bottom of the 12th over - 0 runs, 1 hit, 0 errors, 1 left on base; London 11 - Brockton 8
Sunday, July 16th , 2023 - OOTP Baseball 24.6 Build 69